 Dungeon Crawl Stone Soup version 0.22-a0-305-gd21a89c (webtiles) character file.

3052 Amnesiac the Prestidigitator (level 9, -9/63 HPs)
             Began as a Mummy Fighter on Mar 31, 2018.
             Was an Initiate of Gozag.
             Mangled by an orc warrior
             ... wielding a +0 long sword
              (13 damage)
             ... on level 7 of the Dungeon.
             The game lasted 00:14:22 (8347 turns).

Amnesiac the Prestidigitator (Mummy Fighter)        Turns: 8347, Time: 00:14:23

Health: -9/63      AC: 18    Str: 22    XL:     9   Next: 57%
Magic:  15/15      EV:  9    Int:  7    God:    Gozag
Gold:   713        SH: 10    Dex: 12    Spells: 8/8 levels left

rFire    x . .     SeeInvis +   a - +2 scimitar (protect)
rCold    + + .     Gourm    .   c - +1 shield
rNeg     + + +     Faith    .   j - +0 scale mail
rPois    ∞         Spirit   .   (no helmet)
rElec    .         Reflect  .   n - +2 cloak {+Inv}
rCorr    .         Harm     .   (no gloves)
MR       +....                  h - +0 pair of boots
Stlth    ..........             (no amulet)
HPRegen  0.20/turn              i - ring "Fakad" {rPois rC+ Slay+3 SInv}
MPRegen  0.14/turn              (no ring)

@: protection aura, slowed, very slow
A: no food or potions, fire vulnerability, cold resistance 1, negative energy
resistance 3, torment resistance, unbreathing
a: Potion Petition, Call Merchant, Bribe Branch, Renounce Religion, Evoke
Invisibility


You were on level 7 of the Dungeon.
You worshipped Gozag.
Gozag was pleased with you.
You were not hungry.

You visited 2 branches of the dungeon, and saw 8 of its levels.
You also visited: Ossuary.

You collected 1285 gold pieces.
You spent 497 gold pieces at shops.
You paid 75 gold pieces to Gozag.

Inventory:

Hand Weapons
 a - a +2 scimitar of protection (weapon)
 b - a +0 blowgun
 w - a +0 dagger
Missiles
 e - 42 poisoned needles
 k - 4 needles of confusion
Armour
 c - a +1 shield (worn)
 h - a +0 pair of boots (worn)
 j - a +0 scale mail (worn)
 n - a +2 cloak of invisibility (worn)
Jewellery
 i - the ring "Fakad" (left hand) {rPois rC+ Slay+3 SInv}
   (You found it on level 4 of the Dungeon)

   [ring of protection from cold]

   It affects your accuracy and damage with ranged weapons and melee attacks
   (+3).
   It protects you from cold.
   It protects you from poison.
   It lets you see invisible.
Wands
 q - a wand of iceblast (9)
Scrolls
 d - 4 scrolls of teleportation {!r}
 f - 4 scrolls of amnesia {!r}
 g - 6 scrolls of remove curse {!r}
 l - 4 scrolls of enchant weapon {!r}
 m - 4 scrolls of identify {!r}
 o - 3 scrolls of fog {!r}
 p - a scroll of magic mapping {!r}


   Skills:
 - Level 3.0 Fighting
 - Level 5.0 Long Blades
 - Level 3.1 Armour
 - Level 3.2 Dodging
 - Level 3.1 Shields
 + Level 9.1 Evocations


You had 8 spell levels left.
You didn't know any spells.

Dungeon Overview and Level Annotations

Branches:
Dungeon (7/15)             Temple (1/1) D:4

Altars:
Ashenzari
Cheibriados
Dithmenos
Elyvilon
Fedhas
Gozag
Hepliaklqana
Kikubaaqudgha
Nemelex Xobeh
Okawaru
Qazlal
Ru
Trog
Uskayaw
Wu Jian
Xom
Yredelemnul
Zin
The Shining One

Shops:
D:4 *   D:6 (

Annotations:
D:4 Eustachio


Innate Abilities, Weirdness & Mutations

You do not eat or drink.
Your flesh is vulnerable to fire.
You are immune to poison.
Your flesh is cold resistant. (rC+)
You are immune to negative energy. (rN+++)
You are immune to unholy pain and torment.
You can survive without breathing.


Message History

The arrow hits you but does no damage.
You hear a shout!
You barely miss the orc warrior.
The orc warrior is almost dead.
The centaur shoots an arrow.
You block the arrow.
The orc wizard hits you but does no damage.
The orc hits you but does no damage.
The orc warrior hits you with a long sword.
The centaur shoots an arrow.
The arrow hits you.
The orc wizard hits you but does no damage.
The orc barely misses you.
You riposte.
You hit the orc.
Your weapon exudes an aura of protection.
The orc is heavily wounded.
The orc warrior hits you with a long sword.
The orc wizard hits you but does no damage.
The centaur shoots an arrow.
The arrow hits you but does no damage.
You hear a shout!
You hit the orc warrior.
The orc warrior is almost dead.
The centaur moves out of view.
The orc barely misses you.
You riposte.
You slash the orc!
You kill the orc!
You block the orc wizard's attack.
The orc warrior hits you with a long sword!
You closely miss the orc wizard.
The orc wizard points at you and mumbles some strange words.
The magic dart hits you!
* * * LOW HITPOINT WARNING * * *
The orc warrior hits you with a long sword!
* * * LOW HITPOINT WARNING * * *
You block the orc wizard's attack.
The orc warrior hits you with a long sword!
* * * LOW HITPOINT WARNING * * *
You slash the orc wizard!
You kill the orc wizard!
The centaur unwields an uncursed shortbow.
The centaur hits you but does no damage.
The orc warrior barely misses you. You block the centaur's attack.
You block the orc warrior's attack.
Okay, then.
You closely miss the orc warrior.
The orc warrior is almost dead.
The centaur barely misses you. The centaur closely misses you.
You block the orc warrior's attack. You block the centaur's attack.
You hit the orc warrior.
The orc warrior is almost dead.
The centaur hits you but does no damage.
You block the orc warrior's attack.
The centaur hits you but does no damage.
You block the orc warrior's attack.
You barely miss the orc warrior.
The orc warrior is almost dead.
You block the centaur's attack. The centaur hits you.
* * * LOW HITPOINT WARNING * * *
The orc warrior hits you with a long sword!
* * * LOW HITPOINT WARNING * * *
You block the centaur's attack.
You hit the orc warrior but do no damage.
The orc warrior is almost dead.
The centaur barely misses you. You block the orc warrior's attack.
The centaur barely misses you. You block the centaur's attack.
The orc warrior hits you with a long sword!
You die...
Your body crumbles into a pile of gold.

........# ......
........##.....
......$.....#
#..........#
###..........#
#............+
.............#
#.#####$######
#..o@$.#
..##..c...#
..........#########
###.......##......#
#.......##......#
#........'......#
#.########......#
#.#........#'#### #
#.#......#.#


You could see an orc warrior and a centaur.

Vanquished Creatures
  Grinder (D:6)
  Sigmund (D:6)
  Menkaure (D:6)
  Edmund (D:5)
  2 phantoms
  An orc warrior (D:6)
  4 centaurs
  3 ogres
  The ghost of CasualChangeling the Skirmisher, an amateur KoFi (D:3)
  4 water moccasin zombies (Ossuary)
  A scorpion (D:5)
  6 killer bees (D:7)
  2 howler monkeys
  A jelly (D:6)
  2 crimson imps (D:6)
  A bullfrog zombie (D:7)
  An orc priest (D:6)
  2 hounds
  6 orc wizards
  Natasha (thrice) (D:2)
  5 worker ants
  3 big kobold zombies (Ossuary)
  2 mummies (Ossuary)
  A hound skeleton (D:4)
  10 gnolls
  3 adders
  2 oozes
  4 adder zombies (Ossuary)
  An adder skeleton (D:3)
  5 worms
  4 dart slugs
  4 leopard geckos
  21 orcs
  10 giant cockroaches
  3 gnoll zombies (Ossuary)
  7 hobgoblins
  7 jackals
  2 quokkas
  A ball python skeleton (D:5)
  9 bats
  4 frilled lizards
  9 goblins
  2 goblin zombies (D:5)
  4 hobgoblin zombies (Ossuary)
  10 kobolds
  5 kobold zombies (Ossuary)
  3 orc zombies (Ossuary)
  8 rats
193 creatures vanquished.

Vanquished Creatures (others)
  An orc (D:5)
1 creature vanquished.

Grand Total: 194 creatures vanquished

Notes
Turn   | Place    | Note
-------+----------+-------------------------------------------
     0 | D:1      | Amnesiac the Mummy Fighter began the quest for the Orb.
     0 | D:1      | Reached XP level 1. HP: 18/18 MP: 1/1
   118 | D:1      | Reached XP level 2. HP: 20/24 MP: 2/2
   411 | D:3      | Noticed an ogre
   427 | D:3      | Killed an ogre
   427 | D:3      | Reached XP level 3. HP: 22/29 MP: 3/3
   427 | D:3      | Reached XP level 4. HP: 26/35 MP: 4/4
   470 | D:3      | Noticed CasualChangeling's ghost (amateur KoFi)
   599 | D:3      | Reached skill level 1 in Dodging
   866 | D:3      | Reached XP level 5. HP: 39/41 MP: 5/5
   959 | D:4      | Noticed a phantom
  1269 | D:3      | Killed a phantom
  1269 | D:3      | Reached XP level 6. HP: 23/47 MP: 6/6
  1649 | D:4      | Found Cuera's General Store.
  1785 | D:4      | Found a white marble altar of Elyvilon.
  1843 | D:4      | Found a basalt altar of Yredelemnul.
  1876 | D:4      | Found a staircase to the Ecumenical Temple.
  1982 | Temple   | Entered the Ecumenical Temple
  2000 | Temple   | Became a worshipper of Gozag Ym Sagoz the Greedy
  2773 | D:2      | Noticed Natasha
  3001 | D:2      | Killed Natasha
  3108 | D:2      | Found a hazy altar of Hepliaklqana.
  3111 | D:2      | Found a sparkling altar of Nemelex Xobeh.
  3114 | D:2      | Found a bloodstained altar of Trog.
  3228 | D:2      | Noticed Natasha
  3246 | D:2      | Killed Natasha
  3559 | D:2      | Noticed Natasha
  3599 | D:2      | Killed Natasha
  3599 | D:2      | Reached XP level 7. HP: 14/52 MP: 7/7
  4113 | D:3      | Found a stormy altar of Qazlal.
  4134 | D:3      | Killed CasualChangeling's ghost
  4422 | D:3      | Reached skill level 5 in Long Blades
  4811 | D:4      | Got a pitted granite ring
  4847 | D:4      | Noticed Eustachio
  4917 | D:4      | Bought a +2 cloak of invisibility for 279 gold pieces
  4997 | D:5      | Entered Level 5 of the Dungeon
  5006 | D:5      | Reached skill level 1 in Evocations
  5059 | D:5      | Found a sand-covered staircase.
  5096 | Ossuary  | Entered an ossuary
  5228 | Ossuary  | Reached skill level 2 in Evocations
  5254 | Ossuary  | Identified the ring "Fakad" {rPois rC+ Slay+3 SInv} (You found it on level 4 of the Dungeon)
  5331 | Ossuary  | Reached skill level 3 in Evocations
  5423 | Ossuary  | Reached XP level 8. HP: 53/58 MP: 10/10
  5462 | Ossuary  | Reached skill level 4 in Evocations
  5650 | D:5      | Noticed Edmund
  5654 | D:5      | Reached skill level 5 in Evocations
  5666 | D:5      | Killed Edmund
  5850 | D:5      | Found a blossoming altar of Fedhas.
  5946 | D:5      | Reached skill level 6 in Evocations
  6570 | D:6      | Noticed Grinder
  6592 | D:6      | Killed Grinder
  6671 | D:6      | Noticed Sigmund
  6679 | D:6      | Reached skill level 7 in Evocations
  6687 | D:6      | Killed Sigmund
  6687 | D:6      | Reached XP level 9. HP: 63/63 MP: 14/14
  6909 | D:6      | Noticed Menkaure
  6922 | D:6      | Killed Menkaure
  6922 | D:6      | Reached skill level 8 in Evocations
  7681 | D:6      | Found Ovinus's Weapon Boutique.
  7863 | D:4      | Bought a +2 scimitar of protection for 218 gold pieces
  8166 | D:7      | Reached skill level 9 in Evocations
  8347 | D:7      | Mangled by an orc warrior

Vault maps used:
D:1:      wheals_arrival_linesprint, minmay_misc_feat_chi
D:2:      gammafunk_temple_overflow_forgotten, minivault_11,
          minmay_joined_circles, uniq_natasha
D:3:      old_standard_altar, first_ration
D:4:      kennysheep_ying_yang, temple_fountains, serial_shops, kennysheep_mini,
          uniq_eustachio
D:5:      enter_ossuary_3, fedhas_altar_fruit_tree, uniq_edmund
D:6:      serial_shops, nicolae_shop_crystal, lightli_minifort, uniq_menkaure,
          uniq_sigmund, uniq_grinder
D:7:      nicolae_overflow_crystal_walls, led_sif_pool, uniq_duvessa
Temple:   nicolae_temple_great_sept
Ossuary:  ossuary_tomb_2

Skill      XL: |  1  2  3  4  5  6  7  8  9 |
---------------+----------------------------+-----
Long Blades    | 2 3 4 5 |  5.0
Dodging        | 1 2 3 |  3.2
Armour         | 3 |  3.1
Shields        | 3 |  3.1
Evocations     | 3 7 9 |  9.1
Fighting       | |  3.0

Action                   |  1- 3 |  4- 6 |  7- 9 || total
-------------------------+-------+-------+-------++-------
Melee: Long sword        |    46 |   321 |   465 ||   832
       Dagger            |       |       |    10 ||    10
       Scimitar          |       |       |    63 ||    63
 Fire: Blowgun           |     6 |    26 |       ||    32
Invok: Potion Petition   |       |       |     1 ||     1
 Abil: Evoke Invisibilit |       |       |     6 ||     6
Evoke: Wand              |       |       |     2 ||     2
  Use: Scroll            |       |     5 |     8 ||    13
 Stab: Invisible         |       |       |    13 ||    13
       Distracted        |       |       |     3 ||     3
Armor: Scale mail        |    24 |   145 |   217 ||   386
Dodge: Dodged            |    16 |   135 |   197 ||   348
Block: Shield            |    34 |   193 |   267 ||   494
       Rpst.: Long sword |     5 |    37 |    44 ||    86
       Scimitar          |       |       |    11 ||    11

Table legend:
 A = Spawn XP
 B = Non-spawn XP
 C = Spawn XP percentage of total XP
 D = Spawn monster count
 E = Non-spawn monster count
 F = Spawn count percentage of total count
 G = Total turns spent on level
                    A         B        C        D         E        F      G
               +---------+---------+-------+---------+---------+-------+---------
         Total |       0 |    4360 |   0.0 |       0 |     193 |   0.0 |  8347
               +---------+---------+-------+---------+---------+-------+---------
           D:1 |       0 |      54 |   0.0 |       0 |      28 |   0.0 |   859
           D:2 |       0 |     183 |   0.0 |       0 |      24 |   0.0 |  1443
           D:3 |       0 |     436 |   0.0 |       0 |      32 |   0.0 |  1820
           D:4 |       0 |     198 |   0.0 |       0 |      17 |   0.0 |  1131
           D:5 |       0 |     947 |   0.0 |       0 |      23 |   0.0 |   958
           D:6 |       0 |    1591 |   0.0 |       0 |      28 |   0.0 |  1324
           D:7 |       0 |     454 |   0.0 |       0 |      12 |   0.0 |   372
        Temple |       0 |      40 |   0.0 |       0 |       1 |   0.0 |    38
       Ossuary |       0 |     457 |   0.0 |       0 |      28 |   0.0 |   402
               +---------+---------+-------+---------+---------+-------+---------
